 Dungeon Crawl Stone Soup version 0.23.2-30-g0e89c35 (webtiles) character file.

Game seed: 7874224519965776531

373 shadow8 the Skirmisher (level 6, 0/73 HPs)
             Began as a Demonspawn Berserker on June 20, 2019.
             Was a Priest of Trog.
             Succumbed to a scorpion's poison
             ... on level 4 of the Dungeon.
             The game lasted 00:22:46 (3560 turns).

shadow8 the Skirmisher (Demonspawn Berserker)       Turns: 3560, Time: 00:22:46

Health: 0/73       AC:  6    Str: 25    XL:     6   Next: 43%
Magic:  2/6        EV: 12    Int:  8    God:    Trog [***...]
Gold:   188        SH:  0    Dex: 14    Spells: 5/5 levels left

rFire    . . .     SeeInvis .   t - +5 mace
rCold    . . .     Gourm    .   (no shield)
rNeg     . . .     Faith    .   n - +1 ring mail
rPois    .         Spirit   +   (no helmet)
rElec    .         Reflect  .   (no cloak)
rCorr    .         Harm     .   (no gloves)
MR       .....                  (no boots)
Stlth    ..........             (no amulet)
HPRegen  0.22/turn              h - +2 ring of dexterity
MPRegen  0.20/turn              (no ring)

@: berserking (expiring), lethally poisoned (0 -> -7), very quick
A: magic shield, magic regeneration
a: Berserk, Trog's Hand, Renounce Religion


You were on level 4 of the Dungeon.
You worshipped Trog.
Trog was most pleased with you.
You were not hungry.

You visited 1 branch of the dungeon, and saw 4 of its levels.

You collected 188 gold pieces.

Inventory:

Hand Weapons
 a - a +0 falchion
 m - a +0 antimagic dagger
 t - a +5 mace (weapon)
Armour
 b - a +0 animal skin
 n - a +1 ring mail (worn)
Jewellery
 h - a +2 ring of dexterity (left hand)
Wands
 i - a wand of scattershot (5)
Scrolls
 o - a scroll of identify
Potions
 c - a potion of magic
 l - a potion of haste {unknown}
 p - a potion of curing {unknown}
Comestibles
 q - a ration


   Skills:
 + Level 4.4 Fighting
 - Level 1.5(3.1) Short Blades
 - Level 4.2(4.4) Long Blades
 * Level 1.0 Maces & Flails
 + Level 2.4 Armour
 + Level 3.0 Dodging
 - Level 0.8 Stealth


You had 5 spell levels left.
You didn't know any spells.
Your spell library was empty.

Dungeon Overview and Level Annotations

Branches:
Dungeon (4/15)             Temple (0/1) D:4

Altars:
Trog

Shops:
D:4 *


Innate Abilities, Weirdness & Mutations

When hurt, damage is shared between your health and your magic reserves.
You regenerate magic rapidly.


Message History

You are too berserk!
You closely miss the scorpion.
The scorpion is heavily wounded.
* * * LOW HITPOINT WARNING * * *
You feel sick. The scorpion barely misses you.
You closely miss the scorpion.
The scorpion is heavily wounded.
* * * LOW HITPOINT WARNING * * *
You feel sick.
The scorpion stings you but does no damage.
You barely miss the scorpion.
The scorpion is heavily wounded.
* * * LOW HITPOINT WARNING * * *
You feel sick. The scorpion misses you.
You sock the scorpion!
You kill the scorpion!
Trog accepts your kill.
Your Maces & Flails skill increases to level 1!
Your Dodging skill increases to level 3!
You die...

.... #...
#############.#
#....=........#####
#..................
#.......(......#
#..............#
############...####.#
##@....... #>†......
#†#####..
#########.....#.
................#
..............###
....!........##
.............#
.............#


There were no monsters in sight!

Vanquished Creatures
  A scorpion (D:4)
  A bullfrog zombie (D:3)
  2 orc wizards (D:3)
  Jessica (D:2)
  Terence (D:3)
  Natasha (D:2)
  A worker ant (D:4)
  Robin (D:2)
  4 adders
  2 oozes
  3 leopard geckos
  3 orcs
  3 ball pythons
  2 giant cockroaches (D:1)
  15 goblins
  5 hobgoblins
  13 kobolds
  2 quokkas
  4 bats
  5 frilled lizards
  A jackal skeleton (D:4)
  11 rats
82 creatures vanquished.

Notes
Turn   | Place    | Note
-------+----------+-------------------------------------------
     0 | D:1      | shadow8 the Demonspawn Berserker began the quest for the
                  | Orb.
     0 | D:1      | Reached XP level 1. HP: 18/18 MP: 1/1
   262 | D:1      | Gained mutation: When hurt, damage is shared between your
                  | health and your magic reserves. [demonic ancestry]
   262 | D:1      | Reached XP level 2. HP: 22/24 MP: 2/2
   735 | D:2      | Reached XP level 3. HP: 28/29 MP: 3/3
   790 | D:2      | HP: 1/29 [poisoned by an adder]
  1081 | D:2      | Found a bloodstained altar of Trog.
  1275 | D:2      | Noticed Jessica
  1282 | D:2      | Killed Jessica
  1282 | D:2      | Reached ** piety under Trog
  1282 | D:2      | Reached XP level 4. HP: 9/36 MP: 2/4
  1532 | D:2      | Noticed Robin
  1544 | D:2      | Killed Robin
  1591 | D:2      | Noticed Natasha
  1597 | D:2      | Killed Natasha
  2104 | D:2      | Reached XP level 5. HP: 31/42 MP: 3/5
  2310 | D:3      | Noticed Terence
  2339 | D:3      | Killed Terence
  2782 | D:3      | Reached skill level 1 in Short Blades
  2796 | D:3      | Gained mutation: You regenerate magic rapidly. [demonic
                  | ancestry]
  2796 | D:3      | Reached XP level 6. HP: 29/48 MP: 2/6
  2938 | D:3      | Reached *** piety under Trog
  3406 | D:4      | Found a staircase to the Ecumenical Temple.
  3413 | D:4      | Found Feuczat's Assorted Antiques.
  3557 | D:4      | HP: 3/73 [poisoned by a scorpion]
  3559 | D:4      | HP: 1/73 [poisoned by a scorpion]
  3560 | D:4      | Reached skill level 1 in Maces & Flails
  3560 | D:4      | Succumbed to a scorpion's poison

Skill      XL: |  1  2  3  4  5  6 |
---------------+-------------------+-----
Long Blades    | 3 4 |  4.2
Dodging        | 2 3 |  3.0
Fighting       | 4 |  4.4
Armour         | 2 |  2.4
Short Blades   | 1 |  1.5
Maces & Flails | 1 |  1.0
Stealth        | |  0.8

Action                   |  1- 3 |  4- 6 || total
-------------------------+-------+-------++-------
Melee: Falchion          |    88 |    52 ||   140
       Dagger            |       |   168 ||   168
       Mace              |       |    15 ||    15
Invok: Berserk           |       |     4 ||     4
  Use: Potion            |       |     3 ||     3
       Scroll            |       |     8 ||     8
 Stab: Sleeping          |       |     1 ||     1
  Eat: Ration            |     1 |     3 ||     4
Armor: Animal skin       |    13 |     2 ||    15
       Ring mail         |       |    53 ||    53
Dodge: Dodged            |    55 |   153 ||   208
       Rpst.: Falchion   |    14 |    12 ||    26
